Tone II, chaotic female elven Wizard - --- - . |. .-------- |. -------.|..|.((| |.. |.....|.|..|]((| | |.. -+-|.._..|.-|-|@..|---.+ |...--+--..|.....|....-|---....| |..........|... |......'@.....| |........{.--|----.{....i......| |.......................f......| |. --|--...........-+--N---.... | |...|-------.---| |.@%..... |...| |%%.-.-..| |@'%| ..| |...| |!%.|.|..| |fM%| | ----- -----.---- ----- .. ---- Tone II the Conjurer Experience level: 3 Strength: 11 Dexterity: 14 Constitution: 12 Intelligence: 20 Wisdom: 10 Charisma: 8 Health: 0(20) Energy: 19(30) Def: 1 Gold: 0 Moves: 405 Dungeon seed: xzrwR3-any2O2vXq Game ID: Tone II_1529268694 Your Inventory: Weapons a - a blessed +1 quarterstaff (weapon in hands) Armor e - a blessed +0 cloak of magic resistance (being worn) y - an uncursed +0 elven cloak z - a cursed -1 pair of speed boots (being worn) Scrolls i - an uncursed scroll of identify j - an uncursed scroll of light n - a blessed scroll of amnesia p - a blessed scroll of destroy armor u - an uncursed scroll of enchant weapon Spellbooks k - a blessed spellbook of force bolt l - an uncursed spellbook of sleep Potions f - a blessed potion of oil g - an uncursed potion of sleeping h - an uncursed potion of extra healing r - an uncursed potion of polymorph Rings c - an uncursed ring of see invisible d - an uncursed ring of protection from shape changers v - an uncursed ring of conflict (on left hand) Wands b - a wand of make invisible (0:7) q - a wand of digging (0:2) Tools m - an uncursed leather drum t - an uncursed oil lamp (0:1431) w - a +0 pick-axe Spells and supernatural/magical abilities: Name Level Category Fail Memory a - force bolt 1 attack 0% 98% z - sleep 1 enchantment 0% 98% W - pray for help -- divine ? -- Your skills at the end: Fighting Skills Weapon Skills quarterstaff [Basic] Spellcasting Skills attack spells [Basic] enchantment spells [Basic] Final Attributes: You were piously aligned. You were magic-protected. You had infravision. You caused conflict. You were very fast. You are dead. Vanquished creatures: a gnomish wizard a kobold mummy a dwarf a manes a gecko 6 jackals 4 grid bugs a kobold zombie 3 newts 19 creatures vanquished. Voluntary challenges: You went without food. You were an atheist. You used a wielded weapon 19 times, starting on turn 1. You read items or engraved 28 times, starting on turn 74. You never genocided any monsters. You never polymorphed an object. You never changed form. You used no wishes. You never split a pudding. You wrote Elbereth's name 26 times, starting on turn 74. You never violated your personal moral code. Dungeon overview: The Dungeons of Doom: levels 1 to 4 Level 1 a fountain a long staircase Level 2 a fountain Level 3 an armor shop, some fountains, a sink Level 4 a fountain stairs to The Gnomish Mines The Gnomish Mines: levels 5 to 7 Level 5 stairs to The Dungeons of Doom Level 6 Level 7 <- You were here some shops, a temple to Anhur, some fountains History has recorded: On T:1 you entered the Dungeons of Doom to retrieve the Amulet of Yendor! On T:76 you reached level 2 of The Dungeons of Doom. On T:165 you reached level 3 of The Dungeons of Doom. On T:321 you reached level 4 of The Dungeons of Doom. On T:330 you reached level 1 of The Gnomish Mines. On T:337 you reached level 2 of The Gnomish Mines. On T:338 you reached level 3 of The Gnomish Mines. On T:364 you advanced to experience level 2. On T:381 you advanced to experience level 3. Score breakdown: Gold: 0 ( 0 points) Experience: 3 levels ( 7878 points) Exploration: 7 levels ( 15.56%) (11078 points) Discoveries: 9 items ( 3.24%) ( 5397 points) Valuables value: (no points given unless you survive) Artifact value: 0 ( 0 points) Variety of kills: 9 monsters ( 2.36%) ( 4610 points) Turncount: 405 turns ( 0 points) Survival: died (score multiplied by 80%) Total score: 23170 Latest messages: You write in the dust with your fingers. You hear some noises. The housecat misses the gnome mummy. The gnome mummy hits the housecat. The housecat bites the gnome mummy. The golden naga hatchling bites the manes. The manes misses the golden naga hatchling. The manes hits the golden naga hatchling. The manes misses the golden naga hatchling. The paper golem hits the housecat. The housecat misses the paper golem. Abitibi hits the manes. The manes is destroyed! The housecat misses the gnome mummy. You add to the writing in the dust with your fingers. The housecat misses the gnome mummy. The gnome mummy hits the housecat. The housecat bites the gnome mummy. The golden naga hatchling misses the paper golem. The paper golem hits the housecat. The housecat bites the paper golem. Abitibi hits! You die... Abitibi takes all your possessions. Izchak looks at your corpse and sighs. Final status: Goodbye Tone II the Wizard, killed by a Ms. Abitibi, the shopkeeper... You died in The Gnomish Mines on dungeon level 7 with 23170 points, and 0 pieces of gold, after 405 moves. You were level 3 with a maximum of 20 hit points when you died.